 Dungeon Crawl Stone Soup version 0.32-a0-886-g41c5271027 (webtiles) character file.

Game seed: 13790666721810193508

1042 Newt the Skirmisher (level 8, -2/51 HPs)
             Began as a Kobold Hunter on Mar 27, 2024.
             Was an Initiate of Hepliaklqana.
             Slain by an ogre
             ... wielding a +0 giant club
              (28 damage)
             ... on level 5 of the Dungeon on Apr 2, 2024.
             The game lasted 00:04:27 (5494 turns).

Newt the Skirmisher (Kobold Hunter)                 Turns: 5494, Time: 00:04:27

Health: -2/51      AC:  4    Str:  8    XL:     8   Next: 49%
Magic:  8/8        EV: 13    Int: 10    God:    Hepliaklqana [......]
Gold:   171        SH:  0    Dex: 21    Spells: 7/7 levels left

rFire   . . .        a - +0 shortbow
rCold   . . .        (shield currently unavailable)
rNeg    . . .        c - +1 leather armour
rPois   .            (no helmet)
rElec   .            (no cloak)
rCorr   .            (no gloves)
SInv    .            (no boots)
Will    .....        (no amulet)
Stlth   +++          (no ring)
HPRegen 0.28/turn    (no ring)
MPRegen 0.11/turn

%: no passive effects
@: no status effects
A: small, no large weapons, nightstalker 3
a: Renounce Religion


You were on level 5 of the Dungeon.
You worshipped Hepliaklqana.
Hepliaklqana was noncommittal.
You visited 1 branch of the dungeon, and saw 5 of its levels.

You collected 171 gold pieces.

Inventory:

Hand Weapons
 a - a +0 shortbow (weapon)
Armour
 c - a +1 leather armour (worn)
Jewellery
 s - a ring of fire
Scrolls
 b - 2 scrolls of butterflies
 g - 2 scrolls of blinking
 h - 2 scrolls of vulnerability
 q - 3 scrolls of identify
Potions
 d - a potion of heal wounds
 e - 3 potions of curing
 f - a potion of brilliance
 i - 2 potions of cancellation
 j - a potion of mutation {unknown}
 k - a potion of haste {unknown}
 l - 2 potions of lignification
 m - 2 potions of attraction {unknown}
 o - a potion of enlightenment {unknown}
 p - 2 potions of might {unknown}
 t - 2 potions of degeneration {unknown}


   Skills:
 + Level 6.3 Fighting
 * Level 11.2 Ranged Weapons
 - Level 2.4 Dodging
 - Level 1.3 Stealth


You had 7 spell levels left.
You didn't know any spells.
Your spell library contained the following spells:

 Spells                   Type           Power      Damage    Failure   Level
 Sandblast                Erth           0%         2d4       50%         1
 Stone Arrow              Conj/Erth      0%         3d7       86%         3
 Tukima's Dance           Hex            0%         N/A       86%         3
 Brom's Barrelling Bould  Conj/Erth      0%         2d3       99%         4
 Passage of Golubria      Tloc           0%         N/A       99%         4
 Yara's Violent Unravell  Hex/Alch       0%         3d3       100%        5


Dungeon Overview and Level Annotations

Branches:
Dungeon (5/15)
 Temple: D:4-7

Altars:
Cheibriados
Hepliaklqana
Kikubaaqudgha
Okawaru
Sif Muna
Uskayaw
Vehumet

Annotations:
D:4 3 runed translucent doors, DeathSocks's ghost, amateur VSDe


Innate Abilities, Weirdness & Mutations

You are small and have problems with some larger weapons.
You are completely attuned to the shadows.


Message History

You shoot an arrow. The arrow hits the scorpion!
You kill the scorpion!
You feel sick.
Unknown command.
You feel sick.
You are no longer poisoned.
You start resting.
An ogre is nearby!
An ogre is nearby!
Aiming: Iceblast
Press: ? - help, Shift-Dir - straight line, f - ogre
Aim: an ogre, wielding a +0 giant club The mass of ice explodes!
The iceblast engulfs the ogre.
The ogre is moderately wounded.
The now-empty wand crumbles to dust.
Unknown command.
You are too injured to fight recklessly!
You are too injured to fight recklessly!
You are too injured to fight recklessly!
Unknown command.
Unknown command.
Unknown command.
Fire: a) +0 shortbow
Press: ? - help, Shift-Dir - straight line, f/p - ogre
Aim: an ogre, wielding a +0 giant club (moderately wounded, 81% to hit)
You shoot an arrow. The arrow hits the ogre!
The ogre is heavily wounded.
Unknown command.
Fire: a) +0 shortbow
Press: ? - help, Shift-Dir - straight line, f/p - ogre
Aim: an ogre, wielding a +0 giant club (heavily wounded, 81% to hit)
You shoot an arrow. The arrow hits the ogre!
The ogre is severely wounded.
Unknown command.
You shoot an arrow. The arrow hits the ogre.
The ogre is severely wounded.
The ogre hits you with a +0 giant club!!
Ouch! That really hurt!
You die...
Hepliaklqana delivers you to your ancestors.

######†'#.....###.....##.
#....#....#..............
##........##............#
##.....................#
###....................
###..................
#...................
##.O..........##....
##@................
##...##..........###
#.................#
#.................##
##.........##.......
#####.....#....#..#
###...#....######
#.....##.......##
##.......#.....<#


You could see an ogre.

Vanquished Creatures
  Grinder (D:4)
  An orc warrior (D:5)
  A black bear (D:5)
  A phantom (D:4)
  A scorpion (D:5)
  2 howler monkeys
  3 hounds
  2 orc priests
  3 orc wizards (D:3)
  3 iguanas
  A gnoll (D:1)
  7 adders
  2 ribbon worms
  15 orcs
  3 endoplasms
  4 giant cockroaches
  6 goblins
  2 hobgoblins
  2 jackals (D:4)
  5 kobolds
  3 quokkas
  7 ball pythons
  10 bats
  5 frilled lizards
  2 rats
  A spectral hobgoblin (D:2)
93 creatures vanquished.

Notes
Turn   | Place    | Note
-------+----------+-------------------------------------------
     0 | D:1      | Newt the Kobold Hunter began the quest for the Orb.
     0 | D:1      | Reached XP level 1. HP: 12/12 MP: 1/1
   204 | D:1      | Reached XP level 2. HP: 15/18 MP: 2/2
   433 | D:1      | Reached skill level 6 in Ranged Weapons
   433 | D:1      | Reached XP level 3. HP: 17/22 MP: 3/3
  1183 | D:2      | Found a faded altar of an unknown god.
  1725 | D:2      | Reached XP level 4. HP: 28/28 MP: 4/4
  1903 | D:3      | Found a shimmering blue altar of Sif Muna.
  2101 | D:3      | Found an ancient bone altar of Kikubaaqudgha.
  2109 | D:3      | Reached skill level 7 in Ranged Weapons
  2109 | D:3      | Reached XP level 5. HP: 18/32 MP: 5/5
  2167 | D:3      | Found a radiant altar of Vehumet.
  2731 | D:3      | Reached XP level 6. HP: 38/38 MP: 6/6
  2890 | D:3      | Found an iron altar of Okawaru.
  2956 | D:3      | Reached skill level 8 in Ranged Weapons
  3111 | D:3      | You fall into a shaft and drop 1 floor!
  3116 | D:4      | Found a runed translucent gate.
  3116 | D:4      | Found a runed translucent gate.
  3116 | D:4      | Found a runed translucent gate.
  3200 | D:4      | Found a hide-covered altar of Uskayaw.
  3478 | D:4      | Reached XP level 7. HP: 44/44 MP: 7/7
  3667 | D:4      | Reached skill level 9 in Ranged Weapons
  3733 | D:4      | Noticed DeathSocks's ghost (amateur VSDe)
  3808 | D:4      | Noticed Grinder
  3819 | D:4      | Killed Grinder
  3820 | D:4      | Reached skill level 5 in Fighting
  4009 | D:5      | Entered Level 5 of the Dungeon
  4034 | D:5      | Reached skill level 10 in Ranged Weapons
  4221 | D:4      | HP: 1/43 [iguana (11)]
  4497 | D:5      | Reached XP level 8. HP: 34/51 MP: 8/8
  4845 | D:5      | Found a snail-covered altar of Cheibriados.
  4901 | D:5      | Upgraded the game from 0.32-a0-859-gb0a091d592 to
                  | 0.32-a0-886-g41c5271027
  5125 | D:5      | Reached skill level 11 in Ranged Weapons
  5303 | D:5      | Found a hazy altar of Hepliaklqana.
  5306 | D:5      | Found a faded altar of an unknown god.
  5344 | D:5      | Became a worshipper of Hepliaklqana the Forgotten
  5494 | D:5      | Slain by an ogre

Illustrated notes

Levels and vault maps discovered:
D:1:      lightli_arrival_statue_moat, layout_basic, kennysheep_nondescript
D:2:      minmay_chambers_of_ones, layout_loops_ring,
          dreamdust_ecumenical_altar_drowned_temple, hex_tiny, grunt_decor_cap
D:3:      layout_loops_ring, palyth_temple_overflow_mages,
          okawaru_ov_weapons_minmay, due_unseen_surprise
D:4:      layout_rooms, eat_drink_and_be_merry_uskayaw, gammafunk_ghost_split,
          serial_bayou_crossing, uniq_grinder
D:5:      layout_cave_pools, beargit_hepliaklqana_dungeon_heroes,
          lemuel_crystal_altar, kennysheep_opposing_triangles

Skill      XL: |  1  2  3  4  5  6  7  8 |
---------------+-------------------------+-----
Ranged Weapons | 6 7 8 10 11 | 11.2
Fighting       | 3 4 5 6 |  6.3
Dodging        | |  2.4
Stealth        | |  1.3

Action                     |  1- 3 |  4- 6 |  7- 9 || total
---------------------------+-------+-------+-------++-------
  Melee: Shortbow          |       |     2 |       ||     2
   Fire: Shortbow          |    65 |   150 |   124 ||   339
  Evoke: Wand              |       |       |     7 ||     7
    Use: Scroll            |     4 |     4 |     2 ||    10
         Potion            |       |     2 |     2 ||     4
 Armour: Leather armour    |    14 |    56 |    50 ||   120
  Dodge: Dodged            |    16 |    61 |    65 ||   142

Table legend: (Time is in decaauts)
 A = Elapsed time spent in this place.
 B = Non-inter-level travel time spent in this place.
 C = Inter-level travel time spent in this place.
 D = Time resting spent in this place.
 E = Time spent auto-exploring this place.
 F = Levels seen in this place.
 G = Mean time per level.
                   A        B        C        D        E       F      G
               +--------+--------+--------+--------+--------+-----+--------+
         Total |   5534 |   5424 |    110 |   1297 |   3550 |   5 | 1106.8 |
       Dungeon |   5534 |   5424 |    110 |   1297 |   3550 |   5 | 1106.8 |
               +--------+--------+--------+--------+--------+-----+--------+

Top non-repeatable levels by time:
     D:4: 1353 daAuts
     D:3: 1310 daAuts
     D:5: 1040 daAuts
     D:2: 958 daAuts
     D:1: 870 daAuts
